Chicago Black Hawks vs Edmonton Oilers
Created - Friday, March 29, 2024 at 07:18
Goals
|
| Chicago Black Hawks |
0 |
3 |
0 |
3 |
| Edmonton Oilers |
1 |
0 |
0 |
1 |
|
Shots
|
| Chicago Black Hawks |
5 |
10 |
8 |
23 |
| Edmonton Oilers |
8 |
4 |
15 |
27 |
|
1st period
1. Edmonton Oilers , Alex Iafallo 7 (Blake Wheeler 13) at 1:00
Penalties :
Cale Makar (CHI) for Hooking (Minor) at 8:03, Brent Burns (CHI) for High sticking (Minor) at 12:13
2nd period
2. Chicago Black Hawks , Kevin Fiala 16 (Shane Pinto 3, Travis Sanheim 5) at 11:16
3. Chicago Black Hawks , Jaden Schwartz 11 (Nicholas Paul 8) at 11:22
4. Chicago Black Hawks , Conor Sheary 3 (Nicholas Paul 9, Jaden Schwartz 10) at 12:02
Penalties :
Vincent Trocheck (CHI) for Hooking (Minor) at 14:37, Boone Jenner (EDM) for Interference (Minor) at 18:16
3rd period
No Goal
Penalties :
Adrian Kempe (EDM) for High sticking (Minor) at 3:29, Jacob Trouba (EDM) for Interference (Minor) at 10:46, Marcus Pettersson (CHI) for Tripping (Minor) at 15:32, Alex Iafallo (EDM) for Roughing (Minor) at 18:50
Goalie Stats
Thatcher Demko (CHI), 26 saves from 27 shots - (0.963), W, 25-6-5, 60:00 minutes
Juuse Saros (EDM), 20 saves from 23 shots - (0.870), L, 23-15-2, 60:00 minutes
Players Stats for Chicago Black Hawks
Player Name G A P +/- PIM S H SB GA TA FO MP PP MP PK MP
------------------------------------------------------------------------------------
Barrett Hayton 0 0 0 0 0 2 2 0 1 0 1/6 20:41 3:09 4:09
Bo Horvat 0 0 0 1 0 2 2 1 3 0 7/10 17:13 3:32 0:00
Brent Burns 0 0 0 1 2 1 1 2 1 1 0/0 22:44 3:33 2:47
Cale Makar 0 0 0 2 2 0 1 0 0 1 0/0 22:28 3:04 0:07
Conor Sheary 1 0 1 1 0 2 0 0 0 0 0/0 11:55 0:25 0:00
Devon Toews 0 0 0 -1 0 0 2 0 0 0 0/0 19:43 3:33 3:48
Frederick Gaudreau 0 0 0 0 0 0 1 0 0 0 1/1 5:39 0:25 3:39
Jaden Schwartz 1 1 2 1 0 5 3 1 0 1 0/1 11:45 0:00 0:11
Kevin Fiala 1 0 1 1 0 4 2 0 1 0 1/1 17:13 3:32 0:00
Kirby Dach 0 0 0 0 0 0 0 1 0 0 0/0 16:19 3:09 0:00
Marcus Pettersson 0 0 0 1 2 1 1 2 0 0 0/0 15:03 0:00 1:14
Michael Rasmussen 0 0 0 0 0 1 2 0 1 0 0/0 10:44 0:00 4:11
Nicholas Paul 0 2 2 1 0 2 0 0 0 0 6/11 16:43 0:25 0:03
Patrice Bergeron 0 0 0 0 0 1 2 2 0 0 6/18 20:02 3:09 3:39
Seth Jones 0 0 0 0 0 1 1 1 1 1 0/0 22:01 3:33 4:08
Shane Pinto 0 1 1 0 0 0 0 1 0 0 2/2 6:16 0:00 0:00
Travis Sanheim 0 1 1 1 0 0 1 1 0 1 0/0 18:15 0:29 3:48
Vincent Trocheck 0 0 0 1 2 1 2 0 0 0 0/1 17:16 3:32 0:00
Players Stats for Edmonton Oilers
Player Name G A P +/- PIM S H SB GA TA FO MP PP MP PK MP
------------------------------------------------------------------------------------
Adrian Kempe 0 0 0 -2 2 2 1 1 0 0 0/1 18:00 4:32 0:00
Alex Iafallo 1 0 1 1 2 3 2 0 0 0 0/0 13:17 0:00 2:28
Blake Wheeler 0 1 1 1 0 3 0 0 1 1 0/0 14:53 4:42 0:00
Boone Jenner 0 0 0 -2 2 1 0 0 0 0 15/19 18:06 4:32 0:00
Brandon Carlo 0 0 0 -3 0 0 1 0 0 1 0/0 20:04 0:00 3:11
Brett Pesce 0 0 0 0 0 1 1 1 0 1 0/0 20:00 3:14 1:01
Brock Boeser 0 0 0 -1 0 5 2 0 1 1 0/2 18:04 4:32 0:00
David Perron 0 0 0 -2 0 1 2 0 2 0 0/2 17:03 3:24 0:21
Dawson Mercer 0 0 0 0 0 3 0 0 0 0 0/0 11:46 3:14 0:00
Derek Grant 0 0 0 0 0 1 0 1 0 0 4/9 11:38 0:00 3:50
Evan Bouchard 0 0 0 0 0 2 1 1 0 1 0/0 24:33 4:42 3:55
Jacob Trouba 0 0 0 -3 2 0 1 0 1 2 0/0 18:09 0:00 2:10
Jake DeBrusk 0 0 0 -1 0 4 1 0 0 0 0/0 16:52 3:24 0:00
Jeff Carter 0 0 0 1 0 0 2 0 0 1 3/6 13:15 0:00 3:02
Mikael Backlund 0 0 0 -1 0 1 3 0 0 0 5/12 17:34 3:24 0:41
Ryker Evans 0 0 0 1 0 0 2 0 0 0 0/0 11:16 0:00 0:00
Scott Mayfield 0 0 0 1 0 0 1 1 0 0 0/0 16:42 0:00 3:55
Tanner Jeannot 0 0 0 0 0 0 1 0 0 0 0/0 11:38 0:00 3:50
3 Stars
1 - Jaden Schwartz (CHI)
2 - Thatcher Demko (CHI)
3 - Kevin Fiala (CHI)
Power Play
Chicago Black Hawks - 0 on 4 Attempt(s) - 0.00%
Edmonton Oilers - 0 on 4 Attempt(s) - 0.00%
Penalty Kill
Chicago Black Hawks - 4 on 4 Attempt(s) - 100.00%
- Score 0 goal in Penalty Kill
Edmonton Oilers - 4 on 4 Attempt(s) - 100.00%
- Score 0 goal in Penalty Kill
Team Stat
Chicago Black Hawks - Hits : 23 - Faceoff Wins : 24 - Blocked Shots : 12 - Penalty Minutes : 8
Edmonton Oilers - Hits : 21 - Faceoff Wins : 27 - Blocked Shots : 5 - Penalty Minutes : 8
Official
Referees : Dean Morton and Kelly Sutherland
Linesman : Steve Miller and Shane Heyer
Game Notes
No Game Note
Finance
Level 1 -- Attendance: 5759 (95.98%) -- Ticket Income $518,310
Level 2 -- Attendance: 4543 (90.86%) -- Ticket Income $227,150
Level 3 -- Attendance: 3000 (100.00%) -- Ticket Income $90,000
Level 4 -- Attendance: 4808 (96.16%) -- Ticket Income $96,160
Luxury Box -- Attendance: 1000 (100.00%) -- Ticket Income $190,000
Game was played at the Rexall Place.
Total Attendance: 19110 (95.55%)
Total Ticket Income: $1,121,620
Other Income: $392,567
Total Income: $1,514,187
Chicago Black Hawks
5 vs 5 Forward
Center Left Wing Right Wing Time % Phy DF OF
1 Bo Horvat Kevin Fiala Vincent Trocheck 30 1 2 2
2 Patrice Bergeron Barrett Hayton Kirby Dach 30 1 2 2
3 Nicholas Paul Jaden Schwartz Conor Sheary 25 1 2 2
4 Shane Pinto Michael Rasmussen Nicholas Paul 15 1 2 2
5 vs 5 Defense
Defense Defense Time % Phy DF OF
1 Cale Makar Seth Jones 30 0 3 2
2 Brent Burns Devon Toews 30 1 3 1
3 Travis Sanheim Marcus Pettersson 25 0 4 1
4 Cale Makar Brent Burns 15 0 3 2
PowerPlay Forward
Center Left Wing Right Wing Time % Phy DF OF
1 Bo Horvat Kevin Fiala Vincent Trocheck 50 0 0 5
2 Patrice Bergeron Barrett Hayton Kirby Dach 50 0 0 5
PowerPlay Defense
Defense Defense Time % Phy DF OF
1 Brent Burns Seth Jones 50 0 1 4
2 Cale Makar Devon Toews 50 0 1 4
Penalty Kill 4 Players Forward
Center Wing Time % Phy DF OF
1 Patrice Bergeron Frederick Gaudreau 50 0 5 0
2 Barrett Hayton Michael Rasmussen 50 0 5 0
Penalty Kill 4 Players Defense
Defense Defense Time % Phy DF OF
1 Devon Toews Travis Sanheim 50 0 5 0
2 Brent Burns Seth Jones 50 0 5 0
Penalty Kill - 3 Players Forward
Forward Time % Phy DF OF
1 Bo Horvat 50 0 5 0
2 Frederick Gaudreau 50 0 5 0
Penalty Kill - 3 Players Defense
Defense Defense Time % Phy DF OF
1 Marcus Pettersson Seth Jones 50 0 5 0
2 Travis Sanheim Devon Toews 50 0 5 0
4 vs 4 Forward
Center Wing Time % Phy DF OF
1 Vincent Trocheck Frederick Gaudreau 50 1 2 2
2 Shane Pinto Kevin Fiala 50 1 2 2
4 vs 4 Defense
Defense Defense Time % Phy DF OF
1 Devon Toews Travis Sanheim 50 1 3 1
2 Marcus Pettersson Cale Makar 50 0 4 1
Last Minutes Offensive
Center Left Wing Right Wing Defense Defense
Bo Horvat Kevin Fiala Vincent Trocheck Cale Makar Seth Jones
Last Minutes Defensive
Center Left Wing Right Wing Defense Defense
Bo Horvat Kevin Fiala Vincent Trocheck Cale Makar Seth Jones
Goaltenders
Starting : Thatcher Demko
Backup : Jordan Binnington
Extra Forwards
Normal : Frederick Gaudreau, Nicholas Paul, Jaden Schwartz - PP : Frederick Gaudreau, Nicholas Paul - PK : Jaden Schwartz
Extra Defensemen
Normal : Travis Sanheim, Marcus Pettersson, Brent Burns - PP : Travis Sanheim - PK : Marcus Pettersson, Brent Burns
Penalty Shots
Bo Horvat, Patrice Bergeron, Vincent Trocheck, Kevin Fiala, Barrett Hayton
Edmonton Oilers
5 vs 5 Forward
Center Left Wing Right Wing Time % Phy DF OF
1 Boone Jenner Adrian Kempe David Perron 34 1 1 3
2 Mikael Backlund Jake DeBrusk Brock Boeser 34 0 2 3
3 Jeff Carter Alex Iafallo Blake Wheeler 20 1 2 2
4 Derek Grant Tanner Jeannot Dawson Mercer 12 1 3 1
5 vs 5 Defense
Defense Defense Time % Phy DF OF
1 Jacob Trouba Brandon Carlo 35 1 3 1
2 Brett Pesce Evan Bouchard 35 0 2 3
3 Ryker Evans Scott Mayfield 25 1 3 1
4 Brandon Carlo Scott Mayfield 5 1 4 0
PowerPlay Forward
Center Left Wing Right Wing Time % Phy DF OF
1 Boone Jenner Adrian Kempe Brock Boeser 60 1 0 4
2 Mikael Backlund Jake DeBrusk David Perron 40 1 0 4
PowerPlay Defense
Defense Defense Time % Phy DF OF
1 Evan Bouchard Blake Wheeler 60 1 1 3
2 Brett Pesce Dawson Mercer 40 0 2 3
Penalty Kill 4 Players Forward
Center Wing Time % Phy DF OF
1 Derek Grant Tanner Jeannot 53 1 4 0
2 Jeff Carter Alex Iafallo 47 1 4 0
Penalty Kill 4 Players Defense
Defense Defense Time % Phy DF OF
1 Brandon Carlo Jacob Trouba 50 2 3 0
2 Scott Mayfield Evan Bouchard 50 2 3 0
Penalty Kill - 3 Players Forward
Forward Time % Phy DF OF
1 Derek Grant 50 1 4 0
2 Mikael Backlund 50 1 4 0
Penalty Kill - 3 Players Defense
Defense Defense Time % Phy DF OF
1 Brandon Carlo Jacob Trouba 50 1 4 0
2 Scott Mayfield Evan Bouchard 50 1 4 0
4 vs 4 Forward
Center Wing Time % Phy DF OF
1 Boone Jenner Adrian Kempe 50 1 2 2
2 Mikael Backlund Brock Boeser 50 0 2 3
4 vs 4 Defense
Defense Defense Time % Phy DF OF
1 Jacob Trouba Brandon Carlo 50 1 3 1
2 Scott Mayfield Evan Bouchard 50 1 1 3
Last Minutes Offensive
Center Left Wing Right Wing Defense Defense
Boone Jenner Adrian Kempe Brock Boeser Brett Pesce Evan Bouchard
Last Minutes Defensive
Center Left Wing Right Wing Defense Defense
Mikael Backlund Derek Grant Tanner Jeannot Brandon Carlo Scott Mayfield
Goaltenders
Starting : Juuse Saros
Backup : Matt Murray
Extra Forwards
Normal : Brock Boeser, Adrian Kempe, Boone Jenner - PP : Jake DeBrusk, Brock Boeser - PK : Mikael Backlund
Extra Defensemen
Normal : Evan Bouchard, Jacob Trouba, Brandon Carlo - PP : Jacob Trouba - PK : Brett Pesce, Brandon Carlo
Penalty Shots
Boone Jenner, Adrian Kempe, Brock Boeser, Jake DeBrusk, Dawson Mercer
% Time on Ice - Chicago Black Hawks
Lines # - Real PCT - Wanted PCT - Time Play
Normal Forward
1 - 31% - 30% - 13:45
2 - 30% - 30% - 13:27
3 - 26% - 25% - 11:30
4 - 14% - 15% - 6:16
Normal Defense
1 - 31% - 30% - 13:52
2 - 29% - 30% - 12:50
3 - 30% - 25% - 13:38
4 - 10% - 15% - 4:38
PP Forward
1 - 50% - 50% - 3:32
2 - 50% - 50% - 3:34
PP Defense
1 - 50% - 50% - 3:33
2 - 50% - 50% - 3:33
PK Forward
1 - 47% - 50% - 3:42
2 - 53% - 50% - 4:14
PK Defense
1 - 48% - 50% - 3:48
2 - 52% - 50% - 4:08
PK3 Forward
1 - 0% - 50%
2 - 0% - 50%
PK3 Defense
1 - 0% - 50%
2 - 0% - 50%
44 Forward
1 - 0% - 50%
2 - 0% - 50%
44 Defense
1 - 0% - 50%
2 - 0% - 50%
Last Minute Offensive - 0:00
Last Minute Defensive - 0:00
Total
Forward - 60:00
Defense - 60:00
|
% Time on Ice - Edmonton Oilers
Lines # - Real PCT - Wanted PCT - Time Play
Normal Forward
1 - 30% - 34% - 13:35
2 - 30% - 34% - 13:39
3 - 22% - 20% - 10:03
4 - 17% - 12% - 7:41
Normal Defense
1 - 37% - 35% - 16:26
2 - 36% - 35% - 16:12
3 - 25% - 25% - 11:17
4 - 2% - 5% - 1:03
PP Forward
1 - 57% - 60% - 4:32
2 - 43% - 40% - 3:24
PP Defense
1 - 59% - 60% - 4:42
2 - 41% - 40% - 3:14
PK Forward
1 - 57% - 53% - 4:02
2 - 43% - 47% - 3:04
PK Defense
1 - 45% - 50% - 3:11
2 - 55% - 50% - 3:55
PK3 Forward
1 - 0% - 50%
2 - 0% - 50%
PK3 Defense
1 - 0% - 50%
2 - 0% - 50%
44 Forward
1 - 0% - 50%
2 - 0% - 50%
44 Defense
1 - 0% - 50%
2 - 0% - 50%
Last Minute Offensive - 0:00
Last Minute Defensive - 0:00
Total
Forward - 60:00
Defense - 60:00
|
Play-by-Play
1st period
0:01 of 1st period - Bo Horvat wins face-off versus Boone Jenner in neutral zone.
0:04 of 1st period - Wrist shot by Kevin Fiala.
0:04 of 1st period - Shot Misses the Net.
0:15 of 1st period - Snap shot by Vincent Trocheck.
0:15 of 1st period - Shot Misses the Net.
0:53 of 1st period - Nicholas Paul is hit by Jeff Carter and loses puck.
0:58 of 1st period - Backhand shot by Alex Iafallo.
0:58 of 1st period - Stopped by Thatcher Demko with a rebound.
1:00 of 1st period - Slapshot by Alex Iafallo.
1:00 of 1st period - Goal by Alex Iafallo - Chicago Black Hawks : 0 - Edmonton Oilers : 1.
1:01 of 1st period - Shane Pinto wins face-off versus Derek Grant in neutral zone.
1:26 of 1st period - Travis Sanheim is hit by Mikael Backlund and loses puck.
1:42 of 1st period - Jake DeBrusk is hit by Vincent Trocheck and loses puck.
2:35 of 1st period - Brandon Carlo is hit by Vincent Trocheck and loses puck.
3:14 of 1st period - Kirby Dach is hit by Brett Pesce.
3:27 of 1st period - Barrett Hayton is hit by Adrian Kempe and loses puck.
3:36 of 1st period - Snap shot by Adrian Kempe.
3:36 of 1st period - Shot Misses the Net.
3:38 of 1st period - Slapshot by Evan Bouchard.
3:38 of 1st period - Deflect By Patrice Bergeron.
3:38 of 1st period - Stopped by Thatcher Demko without a rebound.
3:39 of 1st period - Kevin Fiala wins face-off versus Jeff Carter in Chicago Black Hawks zone.
3:56 of 1st period - Brent Burns is hit by Alex Iafallo and loses puck.
4:11 of 1st period - Off-side.
4:12 of 1st period - Nicholas Paul wins face-off versus Derek Grant in neutral zone.
4:40 of 1st period - Wrist shot by Jaden Schwartz.
4:40 of 1st period - Deflect By Nicholas Paul.
4:40 of 1st period - Stopped by Juuse Saros with a rebound.
5:06 of 1st period - Snap shot by Conor Sheary.
5:06 of 1st period - Shot Blocked by Derek Grant.
5:08 of 1st period - Slapshot by Brent Burns.
5:08 of 1st period - Stopped by Juuse Saros without a rebound.
5:09 of 1st period - Bo Horvat wins face-off versus Jeff Carter in Edmonton Oilers zone.
5:44 of 1st period - Wrist shot by David Perron.
5:44 of 1st period - Stopped by Thatcher Demko with a rebound.
6:18 of 1st period - Patrice Bergeron is hit by Ryker Evans and loses puck.
6:53 of 1st period - Off-side.
6:54 of 1st period - Bo Horvat wins face-off versus Mikael Backlund in neutral zone.
7:01 of 1st period - Wrist shot by Jake DeBrusk.
7:01 of 1st period - Stopped by Thatcher Demko with a rebound.
7:03 of 1st period - Snap shot by Jake DeBrusk.
7:03 of 1st period - Stopped by Thatcher Demko with a rebound.
7:09 of 1st period - Backhand shot by Jake DeBrusk.
7:09 of 1st period - Shot Misses the Net.
7:11 of 1st period - Slapshot by Evan Bouchard.
7:11 of 1st period - Stopped by Thatcher Demko without a rebound.
7:12 of 1st period - Boone Jenner wins face-off versus Barrett Hayton in Chicago Black Hawks zone.
7:16 of 1st period - Icing by Cale Makar.
7:17 of 1st period - Patrice Bergeron wins face-off versus Boone Jenner in Chicago Black Hawks zone.
8:03 of 1st period - Minor Penalty to Cale Makar for Hooking.
8:04 of 1st period - Boone Jenner wins face-off versus Patrice Bergeron in Chicago Black Hawks zone.
8:55 of 1st period - Brock Boeser is hit by Michael Rasmussen and loses puck.
9:58 of 1st period - Icing by Adrian Kempe.
9:59 of 1st period - Boone Jenner wins face-off versus Barrett Hayton in Edmonton Oilers zone.
9:59 of 1st period - Boone Jenner is hit by Brent Burns.
10:03 of 1st period - Penalty to Cale Makar is over, Cale Makar is back on ice.
10:36 of 1st period - Wrist shot by Jaden Schwartz.
10:36 of 1st period - Stopped by Juuse Saros without a rebound.
10:37 of 1st period - Mikael Backlund wins face-off versus Nicholas Paul in Edmonton Oilers zone.
11:47 of 1st period - Backhand shot by Alex Iafallo.
11:47 of 1st period - Shot Misses the Net.
11:49 of 1st period - Snap shot by Blake Wheeler.
11:49 of 1st period - Stopped by Thatcher Demko without a rebound.
11:50 of 1st period - Boone Jenner wins face-off versus Nicholas Paul in Chicago Black Hawks zone.
12:13 of 1st period - Minor Penalty to Brent Burns for High sticking.
12:14 of 1st period - Patrice Bergeron wins face-off versus Brock Boeser in Chicago Black Hawks zone.
12:19 of 1st period - Evan Bouchard is hit by Patrice Bergeron and loses puck.
12:40 of 1st period - Blake Wheeler is hit by Marcus Pettersson and loses puck.
12:51 of 1st period - Dawson Mercer is hit by Barrett Hayton and loses puck.
14:13 of 1st period - Penalty to Brent Burns is over, Brent Burns is back on ice.
14:44 of 1st period - Scott Mayfield is hit by Devon Toews and loses puck.
17:25 of 1st period - Icing by Brock Boeser.
17:26 of 1st period - Frederick Gaudreau wins face-off versus Mikael Backlund in Edmonton Oilers zone.
17:27 of 1st period - Wrist shot by Jaden Schwartz.
17:27 of 1st period - Stopped by Juuse Saros with a rebound.
18:07 of 1st period - Wrist shot by Vincent Trocheck.
18:07 of 1st period - Deflect By Barrett Hayton.
18:07 of 1st period - Stopped by Juuse Saros without a rebound.
18:08 of 1st period - Jeff Carter wins face-off versus Patrice Bergeron in Edmonton Oilers zone.
18:42 of 1st period - Snap shot by Brock Boeser.
18:42 of 1st period - Shot Blocked by Bo Horvat.
18:44 of 1st period - Slapshot by Brandon Carlo.
18:44 of 1st period - Shot Misses the Net.
18:53 of 1st period - Off-side.
18:54 of 1st period - Nicholas Paul wins face-off versus Adrian Kempe in neutral zone.
19:19 of 1st period - Cale Makar is hit by Mikael Backlund and loses puck.
19:29 of 1st period - Barrett Hayton is hit by Brandon Carlo.
19:45 of 1st period - Vincent Trocheck is hit by Jeff Carter and loses puck.
Goals for this period are 0 for Chicago Black Hawks vs 1 for Edmonton Oilers.
Shots for this period are 5 for Chicago Black Hawks vs 8 for Edmonton Oilers.
2nd period
0:01 of 2nd period - Mikael Backlund wins face-off versus Patrice Bergeron in neutral zone.
0:04 of 2nd period - Patrice Bergeron is hit by Jake DeBrusk.
0:08 of 2nd period - Jake DeBrusk is hit by Cale Makar and loses puck.
0:52 of 2nd period - Wrist shot by Kevin Fiala.
0:52 of 2nd period - Shot Misses the Net.
1:16 of 2nd period - Evan Bouchard is hit by Jaden Schwartz and loses puck.
1:29 of 2nd period - Wrist shot by Dawson Mercer.
1:29 of 2nd period - Shot Misses the Net.
1:53 of 2nd period - Wrist shot by Vincent Trocheck.
1:53 of 2nd period - Stopped by Juuse Saros with a rebound.
2:54 of 2nd period - Tanner Jeannot is hit by Bo Horvat.
3:10 of 2nd period - Snap shot by Blake Wheeler.
3:10 of 2nd period - Shot Blocked by Brent Burns.
3:12 of 2nd period - Wrist shot by Blake Wheeler.
3:12 of 2nd period - Shot Blocked by Patrice Bergeron.
3:22 of 2nd period - Boone Jenner is hit by Devon Toews and loses puck.
3:45 of 2nd period - Ryker Evans is hit by Travis Sanheim and loses puck.
4:18 of 2nd period - Shane Pinto is hit by Brock Boeser and loses puck.
4:25 of 2nd period - Brandon Carlo is hit by Michael Rasmussen and loses puck.
4:46 of 2nd period - Brandon Carlo is hit by Bo Horvat and loses puck.
4:57 of 2nd period - Dawson Mercer is hit by Jaden Schwartz and loses puck.
5:47 of 2nd period - Vincent Trocheck is hit by Scott Mayfield and loses puck.
6:00 of 2nd period - Bo Horvat is hit by Brock Boeser and loses puck.
6:07 of 2nd period - Wrist shot by Mikael Backlund.
6:07 of 2nd period - Shot Blocked by Seth Jones.
6:20 of 2nd period - Snap shot by Kevin Fiala.
6:20 of 2nd period - Deflect By Bo Horvat.
6:20 of 2nd period - Shot Misses the Net.
6:20 of 2nd period - Puck is out of play.
6:21 of 2nd period - Boone Jenner wins face-off versus Patrice Bergeron in Edmonton Oilers zone.
6:26 of 2nd period - Patrice Bergeron is hit by David Perron and loses puck.
6:31 of 2nd period - Slapshot by Boone Jenner.
6:31 of 2nd period - Shot Misses the Net.
6:50 of 2nd period - Wrist shot by Blake Wheeler.
6:50 of 2nd period - Stopped by Thatcher Demko with a rebound.
6:52 of 2nd period - Snap shot by Jacob Trouba.
6:52 of 2nd period - Shot Misses the Net.
6:54 of 2nd period - Slapshot by Brett Pesce.
6:54 of 2nd period - Stopped by Thatcher Demko with a rebound.
7:10 of 2nd period - Shane Pinto is hit by Mikael Backlund and loses puck.
7:35 of 2nd period - Cale Makar is hit by David Perron and loses puck.
8:07 of 2nd period - Brent Burns is hit by Evan Bouchard and loses puck.
8:16 of 2nd period - Snap shot by Blake Wheeler.
8:16 of 2nd period - Stopped by Thatcher Demko without a rebound.
8:17 of 2nd period - Bo Horvat wins face-off versus David Perron in Chicago Black Hawks zone.
8:26 of 2nd period - Wrist shot by Kevin Fiala.
8:26 of 2nd period - Stopped by Juuse Saros with a rebound.
9:41 of 2nd period - Brent Burns is hit by Tanner Jeannot and loses puck.
9:54 of 2nd period - Wrist shot by Shane Pinto.
9:54 of 2nd period - Shot Misses the Net.
9:56 of 2nd period - Wrist shot by Bo Horvat.
9:56 of 2nd period - Shot Misses the Net.
9:58 of 2nd period - Snap shot by Kevin Fiala.
9:58 of 2nd period - Shot Misses the Net.
10:00 of 2nd period - Backhand shot by Bo Horvat.
10:00 of 2nd period - Stopped by Juuse Saros with a rebound.
10:34 of 2nd period - Snap shot by Bo Horvat.
10:34 of 2nd period - Shot Misses the Net.
10:56 of 2nd period - Slapshot by Evan Bouchard.
10:56 of 2nd period - Shot Blocked by Marcus Pettersson.
10:58 of 2nd period - Slapshot by Tanner Jeannot.
10:58 of 2nd period - Shot Blocked by Marcus Pettersson.
11:00 of 2nd period - Slapshot by Evan Bouchard.
11:00 of 2nd period - Shot Blocked by Shane Pinto.
11:16 of 2nd period - Slapshot by Shane Pinto.
11:16 of 2nd period - Deflect By Kevin Fiala.
11:16 of 2nd period - Goal by Kevin Fiala - Chicago Black Hawks : 1 - Edmonton Oilers : 1.
11:17 of 2nd period - Nicholas Paul wins face-off versus Boone Jenner in neutral zone.
11:22 of 2nd period - Snap shot by Jaden Schwartz.
11:22 of 2nd period - Goal by Jaden Schwartz - Chicago Black Hawks : 2 - Edmonton Oilers : 1.
11:23 of 2nd period - Mikael Backlund wins face-off versus Nicholas Paul in neutral zone.
11:31 of 2nd period - Off-side.
11:32 of 2nd period - Nicholas Paul wins face-off versus Mikael Backlund in neutral zone.
11:46 of 2nd period - Slapshot by Jake DeBrusk.
11:46 of 2nd period - Shot Misses the Net.
11:54 of 2nd period - Slapshot by Jaden Schwartz.
11:54 of 2nd period - Shot Misses the Net.
11:56 of 2nd period - Slapshot by Brent Burns.
11:56 of 2nd period - Deflect By Jaden Schwartz.
11:56 of 2nd period - Stopped by Juuse Saros with a rebound.
11:58 of 2nd period - Slapshot by Nicholas Paul.
11:58 of 2nd period - Stopped by Juuse Saros with a rebound.
12:00 of 2nd period - Snap shot by Conor Sheary.
12:00 of 2nd period - Stopped by Juuse Saros with a rebound.
12:02 of 2nd period - Wrist shot by Conor Sheary.
12:02 of 2nd period - Goal by Conor Sheary - Chicago Black Hawks : 3 - Edmonton Oilers : 1.
12:03 of 2nd period - Boone Jenner wins face-off versus Patrice Bergeron in neutral zone.
12:30 of 2nd period - Mikael Backlund is hit by Kevin Fiala and loses puck.
13:42 of 2nd period - Wrist shot by Shane Pinto.
13:42 of 2nd period - Shot Blocked by Adrian Kempe.
14:32 of 2nd period - Snap shot by Derek Grant.
14:32 of 2nd period - Stopped by Thatcher Demko without a rebound.
14:33 of 2nd period - Boone Jenner wins face-off versus Bo Horvat in Chicago Black Hawks zone.
14:37 of 2nd period - Minor Penalty to Vincent Trocheck for Hooking.
14:38 of 2nd period - Boone Jenner wins face-off versus Patrice Bergeron in Chicago Black Hawks zone.
15:12 of 2nd period - Snap shot by David Perron.
15:12 of 2nd period - Shot Misses the Net.
15:14 of 2nd period - Snap shot by David Perron.
15:14 of 2nd period - Shot Blocked by Patrice Bergeron.
16:37 of 2nd period - Penalty to Vincent Trocheck is over, Vincent Trocheck is back on ice.
16:46 of 2nd period - Wrist shot by Jaden Schwartz.
16:46 of 2nd period - Deflect By Nicholas Paul.
16:46 of 2nd period - Shot Misses the Net.
16:46 of 2nd period - Puck is out of play.
16:47 of 2nd period - Derek Grant wins face-off versus Jaden Schwartz in Edmonton Oilers zone.
16:58 of 2nd period - Snap shot by Dawson Mercer.
16:58 of 2nd period - Shot Blocked by Jaden Schwartz.
17:12 of 2nd period - Wrist shot by Blake Wheeler.
17:12 of 2nd period - Shot Misses the Net.
17:55 of 2nd period - Off-side.
17:56 of 2nd period - Bo Horvat wins face-off versus Mikael Backlund in neutral zone.
18:04 of 2nd period - Mikael Backlund is hit by Kevin Fiala and loses puck.
18:11 of 2nd period - Snap shot by Kevin Fiala.
18:11 of 2nd period - Shot Hit the Post.
18:13 of 2nd period - Slapshot by Devon Toews.
18:13 of 2nd period - Deflect By Kevin Fiala.
18:13 of 2nd period - Stopped by Juuse Saros without a rebound.
18:14 of 2nd period - Boone Jenner wins face-off versus Patrice Bergeron in Edmonton Oilers zone.
18:16 of 2nd period - Minor Penalty to Boone Jenner for Interference.
18:17 of 2nd period - Bo Horvat wins face-off versus Derek Grant in Edmonton Oilers zone.
18:43 of 2nd period - Brandon Carlo is hit by Patrice Bergeron and loses puck.
19:24 of 2nd period - Patrice Bergeron is hit by Alex Iafallo and loses puck.
19:56 of 2nd period - Icing by Vincent Trocheck.
19:57 of 2nd period - Mikael Backlund wins face-off versus Bo Horvat in Chicago Black Hawks zone.
Goals for this period are 3 for Chicago Black Hawks vs 0 for Edmonton Oilers.
Shots for this period are 10 for Chicago Black Hawks vs 4 for Edmonton Oilers.
3rd period
0:01 of 3rd period - Derek Grant wins face-off versus Patrice Bergeron in neutral zone.
0:04 of 3rd period - Wrist shot by Tanner Jeannot.
0:04 of 3rd period - Shot Misses the Net.
0:16 of 3rd period - Penalty to Boone Jenner is over, Boone Jenner is back on ice.
0:31 of 3rd period - Wrist shot by Brock Boeser.
0:31 of 3rd period - Stopped by Thatcher Demko without a rebound.
0:32 of 3rd period - Mikael Backlund wins face-off versus Bo Horvat in Chicago Black Hawks zone.
0:49 of 3rd period - Snap shot by Jake DeBrusk.
0:49 of 3rd period - Stopped by Thatcher Demko with a rebound.
0:51 of 3rd period - Snap shot by Mikael Backlund.
0:51 of 3rd period - Stopped by Thatcher Demko without a rebound.
0:52 of 3rd period - Boone Jenner wins face-off versus Patrice Bergeron in Chicago Black Hawks zone.
1:31 of 3rd period - Snap shot by Bo Horvat.
1:31 of 3rd period - Shot Blocked by Evan Bouchard.
1:33 of 3rd period - Slapshot by Vincent Trocheck.
1:33 of 3rd period - Shot Misses the Net.
1:43 of 3rd period - Wrist shot by David Perron.
1:43 of 3rd period - Deflect By Brent Burns.
1:43 of 3rd period - Shot Misses the Net.
1:43 of 3rd period - Puck is out of play.
1:44 of 3rd period - Nicholas Paul wins face-off versus Mikael Backlund in Chicago Black Hawks zone.
1:44 of 3rd period - Nicholas Paul is hit by Jacob Trouba.
1:52 of 3rd period - Slapshot by Seth Jones.
1:52 of 3rd period - Stopped by Juuse Saros with a rebound.
2:01 of 3rd period - Icing by Cale Makar.
2:02 of 3rd period - Nicholas Paul wins face-off versus Jeff Carter in Chicago Black Hawks zone.
2:02 of 3rd period - Nicholas Paul is hit by Ryker Evans.
2:12 of 3rd period - Wrist shot by Blake Wheeler.
2:12 of 3rd period - Shot Misses the Net.
2:14 of 3rd period - Snap shot by Alex Iafallo.
2:14 of 3rd period - Shot Misses the Net.
2:56 of 3rd period - Slapshot by Evan Bouchard.
2:56 of 3rd period - Shot Misses the Net.
3:29 of 3rd period - Minor Penalty to Adrian Kempe for High sticking.
3:30 of 3rd period - Bo Horvat wins face-off versus Derek Grant in Edmonton Oilers zone.
5:03 of 3rd period - Tanner Jeannot is hit by Seth Jones and loses puck.
5:29 of 3rd period - Penalty to Adrian Kempe is over, Adrian Kempe is back on ice.
6:06 of 3rd period - Wrist shot by Mikael Backlund.
6:06 of 3rd period - Shot Misses the Net.
6:33 of 3rd period - Wrist shot by Bo Horvat.
6:33 of 3rd period - Shot Misses the Net.
6:49 of 3rd period - Slapshot by Brock Boeser.
6:49 of 3rd period - Stopped by Thatcher Demko without a rebound.
6:50 of 3rd period - Patrice Bergeron wins face-off versus Boone Jenner in Chicago Black Hawks zone.
6:57 of 3rd period - Backhand shot by Patrice Bergeron.
6:57 of 3rd period - Stopped by Juuse Saros with a rebound.
7:17 of 3rd period - Slapshot by Dawson Mercer.
7:17 of 3rd period - Shot Misses the Net.
7:19 of 3rd period - Slapshot by Tanner Jeannot.
7:19 of 3rd period - Shot Blocked by Kirby Dach.
7:21 of 3rd period - Snap shot by Dawson Mercer.
7:21 of 3rd period - Stopped by Thatcher Demko without a rebound.
7:22 of 3rd period - Derek Grant wins face-off versus Nicholas Paul in Chicago Black Hawks zone.
7:23 of 3rd period - Wrist shot by Dawson Mercer.
7:23 of 3rd period - Stopped by Thatcher Demko with a rebound.
7:33 of 3rd period - Snap shot by Dawson Mercer.
7:33 of 3rd period - Stopped by Thatcher Demko with a rebound.
7:39 of 3rd period - Tanner Jeannot is hit by Jaden Schwartz and loses puck.
8:06 of 3rd period - Brandon Carlo is hit by Barrett Hayton.
8:44 of 3rd period - Derek Grant is hit by Frederick Gaudreau and loses puck.
9:46 of 3rd period - Wrist shot by Brock Boeser.
9:46 of 3rd period - Stopped by Thatcher Demko without a rebound.
9:47 of 3rd period - Patrice Bergeron wins face-off versus Mikael Backlund in Chicago Black Hawks zone.
10:16 of 3rd period - Wrist shot by Adrian Kempe.
10:16 of 3rd period - Shot Misses the Net.
10:46 of 3rd period - Minor Penalty to Jacob Trouba for Interference.
10:47 of 3rd period - Derek Grant wins face-off versus Patrice Bergeron in Edmonton Oilers zone.
11:44 of 3rd period - Wrist shot by Vincent Trocheck.
11:44 of 3rd period - Deflect By Bo Horvat.
11:44 of 3rd period - Shot Blocked by Brett Pesce.
11:44 of 3rd period - Puck is out of play.
11:45 of 3rd period - Jeff Carter wins face-off versus Patrice Bergeron in Edmonton Oilers zone.
12:46 of 3rd period - Penalty to Jacob Trouba is over, Jacob Trouba is back on ice.
12:55 of 3rd period - Snap shot by Alex Iafallo.
12:55 of 3rd period - Deflect By Nicholas Paul.
12:55 of 3rd period - Stopped by Thatcher Demko without a rebound.
12:56 of 3rd period - Shane Pinto wins face-off versus David Perron in Chicago Black Hawks zone.
13:05 of 3rd period - Slapshot by Travis Sanheim.
13:05 of 3rd period - Shot Blocked by Scott Mayfield.
13:07 of 3rd period - Slapshot by Marcus Pettersson.
13:07 of 3rd period - Stopped by Juuse Saros without a rebound.
13:08 of 3rd period - Boone Jenner wins face-off versus Patrice Bergeron in Edmonton Oilers zone.
14:10 of 3rd period - Snap shot by Jake DeBrusk.
14:10 of 3rd period - Shot Misses the Net.
14:39 of 3rd period - Wrist shot by Kevin Fiala.
14:39 of 3rd period - Stopped by Juuse Saros with a rebound.
14:41 of 3rd period - Wrist shot by Kevin Fiala.
14:41 of 3rd period - Shot Misses the Net.
15:13 of 3rd period - Slapshot by Jeff Carter.
15:13 of 3rd period - Shot Misses the Net.
15:32 of 3rd period - Minor Penalty to Marcus Pettersson for Tripping.
15:33 of 3rd period - Boone Jenner wins face-off versus Barrett Hayton in Chicago Black Hawks zone.
15:35 of 3rd period - Snap shot by Adrian Kempe.
15:35 of 3rd period - Shot Blocked by Brent Burns.
15:37 of 3rd period - Snap shot by Adrian Kempe.
15:37 of 3rd period - Stopped by Thatcher Demko with a rebound.
15:39 of 3rd period - Slapshot by Boone Jenner.
15:39 of 3rd period - Stopped by Thatcher Demko with a rebound.
16:22 of 3rd period - Snap shot by Jake DeBrusk.
16:22 of 3rd period - Stopped by Thatcher Demko without a rebound.
16:23 of 3rd period - Boone Jenner wins face-off versus Barrett Hayton in Chicago Black Hawks zone.
16:28 of 3rd period - Snap shot by Adrian Kempe.
16:28 of 3rd period - Stopped by Thatcher Demko without a rebound.
16:29 of 3rd period - Boone Jenner wins face-off versus Barrett Hayton in Chicago Black Hawks zone.
16:36 of 3rd period - Wrist shot by Boone Jenner.
16:36 of 3rd period - Shot Misses the Net.
16:38 of 3rd period - Slapshot by Blake Wheeler.
16:38 of 3rd period - Shot Misses the Net.
16:40 of 3rd period - Backhand shot by Evan Bouchard.
16:40 of 3rd period - Shot Blocked by Travis Sanheim.
16:42 of 3rd period - Wrist shot by Brock Boeser.
16:42 of 3rd period - Stopped by Thatcher Demko with a rebound.
16:44 of 3rd period - Wrist shot by Adrian Kempe.
16:44 of 3rd period - Shot Misses the Net.
16:46 of 3rd period - Slapshot by Brock Boeser.
16:46 of 3rd period - Deflect By Michael Rasmussen.
16:46 of 3rd period - Stopped by Thatcher Demko without a rebound.
16:47 of 3rd period - Patrice Bergeron wins face-off versus Mikael Backlund in Chicago Black Hawks zone.
17:17 of 3rd period - Wrist shot by Michael Rasmussen.
17:17 of 3rd period - Stopped by Juuse Saros without a rebound.
17:18 of 3rd period - Barrett Hayton wins face-off versus Brock Boeser in Edmonton Oilers zone.
17:21 of 3rd period - Snap shot by Barrett Hayton.
17:21 of 3rd period - Stopped by Juuse Saros with a rebound.
17:32 of 3rd period - Penalty to Marcus Pettersson is over, Marcus Pettersson is back on ice.
17:51 of 3rd period - Snap shot by Jaden Schwartz.
17:51 of 3rd period - Stopped by Juuse Saros without a rebound.
17:52 of 3rd period - Jeff Carter wins face-off versus Nicholas Paul in Edmonton Oilers zone.
18:17 of 3rd period - Icing by Blake Wheeler.
18:18 of 3rd period - Boone Jenner wins face-off versus Vincent Trocheck in Edmonton Oilers zone.
18:50 of 3rd period - Minor Penalty to Alex Iafallo for Roughing.
18:51 of 3rd period - Patrice Bergeron wins face-off versus Derek Grant in Edmonton Oilers zone.
18:54 of 3rd period - Slapshot by Barrett Hayton.
18:54 of 3rd period - Shot Misses the Net.
19:29 of 3rd period - Snap shot by Bo Horvat.
19:29 of 3rd period - Stopped by Juuse Saros with a rebound.
19:31 of 3rd period - Slapshot by Vincent Trocheck.
19:31 of 3rd period - Shot Misses the Net.
Goals for this period are 0 for Chicago Black Hawks vs 0 for Edmonton Oilers.
Shots for this period are 8 for Chicago Black Hawks vs 15 for Edmonton Oilers.
Back to the Top